 Dungeon Sprint DCSS version 0.21-a0-401-g0b6bec4 (webtiles) character file.

188 Kidiri the Thaumaturge (level 5, -7/28 HPs)
             Began as a Deep Elf Fire Elementalist on Oct 23, 2017.
             Was an Initiate of Vehumet.
             Killed from afar by a deep elf mage (35 damage)
             ... with a bolt of lightning
             ... in the Dungeon (Sprint III: "The Ten Rune Challenge").
             The game lasted 00:04:25 (543 turns).

Kidiri the Thaumaturge (Deep Elf Fire Elementalist)  Turns: 543, Time: 00:04:27

Health: -7/28      AC:  5    Str:  5    XL:     5   Next: 39%
Magic:  15/20      EV: 15    Int: 21    God:    Vehumet [......]
Gold:   39         SH:  0    Dex: 15    Spells: 7/25 levels left

rFire    + . .     SeeInvis .   k - +0 dagger
rCold    . . .     Gourm    .   (no shield)
rNeg     . . .     Faith    .   a - +0 robe
rPois    .         Spirit   .   (no helmet)
rElec    .         Reflect  .   p - +0 cloak
rCorr    .         Harm     .   (no gloves)
MR       .....     NoTele   +   (no boots)
Stlth    ++........             (no amulet)
HPRegen  0.09/turn              (no ring)
MPRegen  0.17/turn              (no ring)

@: no status effects
A: repulsion field 1, yellow scales 1, fire resistance 1
a: Renounce Religion


You were in the Dungeon.
You worshipped Vehumet.
Vehumet was noncommittal.
You were not hungry.

You visited 1 branch You collected 39 gold pieces.

Inventory:

Hand Weapons
 k - a +0 dagger (weapon)
 o - a +2 quarterstaff of chaos
 y - a +0 dagger
 z - a +0 dagger
Missiles
 j - 5 javelins (quivered)
Armour
 a - a +0 robe (worn)
 l - a +0 robe
 p - a +0 cloak (worn)
 A - a +0 robe
 B - a +0 robe
Scrolls
 i - a scroll of blinking
 q - a scroll of holy word
 s - a scroll of random uselessness {unknown}
 v - a scroll of remove curse {unknown}
Potions
 d - a potion of curing
 e - a potion of heal wounds
 f - a potion of haste
 g - 2 potions of magic
 h - a potion of berserk rage
 u - a potion of brilliance
 w - a potion of agility
 x - a potion of degeneration {unknown}
Books
 b - a book of Flames

   Spells                             Type                      Level
   a - Flame Tongue                   Conjuration/Fire             1
   b - Throw Flame                    Conjuration/Fire             2
   c - Conjure Flame                  Conjuration/Fire             3
   d - Inner Flame                    Hexes/Fire                   3
   e - Sticky Flame                   Conjuration/Fire             4
   f - Fireball                       Conjuration/Fire             5
 r - a book of Cantrips

   Spells                             Type                      Level
   a - Confusing Touch                Hexes                        1
   b - Animate Skeleton               Necromancy                   1
   c - Summon Small Mammal            Summoning                    1
   d - Apportation                    Translocation                1
Comestibles
 c - a bread ration
 m - 2 royal jellies
 n - 4 chunks of flesh
 t - 2 fruits
 C - 3 inedible chunks of flesh


   Skills:
 - Level 2.4 Dodging
 - Level 2.4 Stealth
 * Level 10.6 Spellcasting
 + Level 6.1 Conjurations
 + Level 6.9 Fire Magic


You had 7 spell levels left.
You knew the following spells:

 Your Spells              Type           Power        Failure   Level  Hunger
a - Flame Tongue          Conj/Fire      #####        1%          1    None
b - Throw Flame           Conj/Fire      #####.       1%          2    None
c - Conjure Flame         Conj/Fire      #####...     1%          3    None
d - Inner Flame           Hex/Fire       ####....     4%          3    None
e - Sticky Flame          Conj/Fire      #####...     4%          4    ##.....
f - Fireball              Conj/Fire      #####.....   12%         5    ####...


Dungeon Overview and Level Annotations

Branches:
Dungeon (1/1)

Altars:
Elyvilon
Kikubaaqudgha
Sif Muna
Vehumet
Zin
The Shining One


Innate Abilities, Weirdness & Mutations

You are surrounded by a mild repulsion field. (EV +2)
You are partially covered in yellow scales. (AC +2)
Your flesh is heat resistant. (rF+)


Message History

The deep elf mage is lightly wounded.
The deep elf mage is covered in liquid flames!
The deep elf mage burns!
The deep elf mage hits you but does no damage.
Unknown command.
The deep elf mage burns!
There is an open door here.
Unknown command.
Casting: Sticky Flame
Confirm with . or Enter, or press ? or * to list all spells.
Aiming: Flame Tongue
Press: ? - help, Shift-Dir - straight line, f/p - deep elf mage
Aim: a deep elf mage, wielding a long sword of holy wrath (moderately wounded, covered in liquid flames)
The flame tongue hits the deep elf mage.
The deep elf mage is moderately wounded.
The deep elf mage burns!
The deep elf mage gestures at you while chanting.
The bolt of lightning hits you!
Ouch! That really hurt!
You die...

▓▓▓▓▓▓▓ ▓▓▓ .+....♣♣♣
♣.##### .#......♣
♣♣.#___# ##....♣.♣
♣..#!e.#
.#....≈.♣♣♣..###@#+###+
.#...≈≈♣♣.♣♣.#..........
.#..≈≈≈≈.♣...'.⌠........
'#..≈≈≈≈≈≈♣♣.#...######+
.#÷≈≈≈≈≈≈....#.⌠.#
.#.≈≈≈≈≈.....#...#
.#.≈≈≈.......#+###
##...........#.÷.#
.............#___#


You could see a deep elf mage (burning).

Vanquished Creatures
  A water elemental (D)
  Crazy Yiuf (D)
  A wizard (D)
  Jessica (D)
  A human (D)
  A kobold demonologist (D)
  2 oozes (D)
8 creatures vanquished.

Vanquished Creatures (others)
  2 draconian scorchers (D)
  6 hellions (D)
  2 yaktaurs (D)
  5 plants (D)
15 creatures vanquished.

Grand Total: 23 creatures vanquished

Notes
Turn   | Place    | Note
-------+----------+-------------------------------------------
     0 | D        | Kidiri the Deep Elf Fire Elementalist began the quest for the Orb.
     0 | D        | Reached XP level 1. HP: 10/10 MP: 6/6
     5 | D        | Reached skill level 4 in Spellcasting
    33 | D        | Killed a yaktaur
    35 | D        | Killed a yaktaur
    54 | D        | Reached XP level 2. HP: 15/15 MP: 5/9
    58 | D        | Learned a level 2 spell: Throw Flame
    63 | D        | Noticed Jessica
    68 | D        | Killed Jessica
    68 | D        | Reached skill level 6 in Spellcasting
    68 | D        | Reached XP level 3. HP: 4/19 MP: 1/13
    73 | D        | Learned a level 3 spell: Conjure Flame
    77 | D        | Learned a level 3 spell: Inner Flame
    89 | D        | Killed a hellion
    89 | D        | Killed a hellion
    89 | D        | Killed a hellion
   147 | D        | Killed a hellion
   178 | D        | Killed a white draconian scorcher
   225 | D        | Killed a white draconian scorcher
   245 | D        | Killed a hellion
   321 | D        | Noticed Crazy Yiuf
   328 | D        | Killed Crazy Yiuf
   328 | D        | Reached skill level 7 in Spellcasting
   328 | D        | Reached skill level 5 in Fire Magic
   343 | D        | Killed a hellion
   358 | D        | Gained mutation: Your skin changes colour to match your surroundings (Stealth+). [potion of mutation]
   358 | D        | Gained mutation: You are covered in fur. (AC +1) [potion of mutation]
   359 | D        | Lost mutation: Your skin changes colour to match your surroundings (Stealth+). [potion of mutation]
   359 | D        | Lost mutation: You are covered in fur. (AC +1) [potion of mutation]
   359 | D        | Gained mutation: Your muscles are strong. (Str +2) [potion of mutation]
   359 | D        | Gained mutation: You are resistant to electric shocks. (rElec) [potion of mutation]
   360 | D        | Lost mutation: Your muscles are strong. (Str +2) [potion of mutation]
   360 | D        | Lost mutation: You are resistant to electric shocks. (rElec) [potion of mutation]
   360 | D        | Gained mutation: You passively map a small area around you. [potion of mutation]
   360 | D        | Gained mutation: You are robust. (+10% HP) [potion of mutation]
   360 | D        | Gained mutation: Your flesh is heat resistant. (rF+) [potion of mutation]
   360 | D        | Gained mutation: Your system is resistant to poisons. (rPois) [potion of mutation]
   361 | D        | Lost mutation: You passively map a small area around you. [potion of mutation]
   361 | D        | Lost mutation: Your system is resistant to poisons. (rPois) [potion of mutation]
   361 | D        | Lost mutation: You are robust. (+10% HP) [potion of mutation]
   361 | D        | Gained mutation: You are surrounded by a mild repulsion field. (EV +2) [potion of mutation]
   361 | D        | Gained mutation: You are partially covered in yellow scales. (AC +2) [potion of mutation]
   382 | D        | Reached skill level 8 in Spellcasting
   382 | D        | Reached XP level 4. HP: 24/24 MP: 8/16
   388 | D        | Learned a level 4 spell: Sticky Flame
   431 | D        | Noticed a water elemental
   433 | D        | Killed a water elemental
   433 | D        | Reached skill level 9 in Spellcasting
   433 | D        | Reached skill level 5 in Conjurations
   433 | D        | Reached XP level 5. HP: 28/28 MP: 13/19
   441 | D        | Learned a level 5 spell: Fireball
   470 | D        | Found a radiant altar of Vehumet.
   471 | D        | Found a deep blue altar of Sif Muna.
   471 | D        | Found an ancient bone altar of Kikubaaqudgha.
   473 | D        | Reached skill level 10 in Spellcasting
   478 | D        | Became a worshipper of Vehumet
   538 | D        | Found a glowing silver altar of Zin.
   539 | D        | Found a glowing golden altar of the Shining One.
   539 | D        | Found a white marble altar of Elyvilon.
   539 | D        | Noticed a deep elf mage
   543 | D        | Killed from afar by a deep elf mage

Vault maps used:
D:        dungeon_sprint_mu

Skill      XL: |  1  2  3  4  5 |
---------------+----------------+-----
Spellcasting   | 4 6 8 9 10 | 10.6
Conjurations   | 2 3 4 5 6 |  6.1
Fire Magic     | 4 5 6 |  6.9
Dodging        | |  2.4
Stealth        | |  2.4

Action                   |  1- 3 |  4- 6 || total
-------------------------+-------+-------++-------
 Cast: Flame Tongue      |    19 |     5 ||    24
       Throw Flame       |     2 |       ||     2
       Conjure Flame     |       |     1 ||     1
       Sticky Flame      |       |     3 ||     3
  Use: Potion            |     4 |       ||     4
       Scroll            |     3 |       ||     3
Dodge: Dodged            |     1 |     2 ||     3

Table legend:
 A = Spawn XP
 B = Non-spawn XP
 C = Spawn XP percentage of total XP
 D = Spawn monster count
 E = Non-spawn monster count
 F = Spawn count percentage of total count
 G = Total turns spent on level
                    A         B        C        D         E        F      G
               +---------+---------+-------+---------+---------+-------+---------
         Total |       0 |     269 |   0.0 |       0 |       8 |   0.0 |   543
               +---------+---------+-------+---------+---------+-------+---------
             D |       0 |     269 |   0.0 |       0 |       8 |   0.0 |   543
               +---------+---------+-------+---------+---------+-------+---------
